| TOP OF THE 1ST |
|
Huron Cubs batting - Pitching for Sioux Falls Packers : RHP Joe Johnson
|
|
Pitching: RHP Joe Johnson
|
|
|
Batting: SHB Keith Smith
|
0-0: Ball 1-0: Foul Ball, location: 2F 1-1: Swinging Strike 1-2: Fly out, F9 (Flyball, 9, EV 95.0 MPH)
|
|
Batting: RHB Greg Zunino
|
0-0: Foul Ball, location: 2F 0-1: Ball 1-1: Ball 2-1: Foul Ball, location: 2F 2-2: Ball 3-2: Base on Balls
|
|
Batting: RHB Mark Carreon
|
0-0: Ball 1-0: Called Strike 1-1: Fly out, F5 (Popup, 5SF, EV 88.1 MPH)
|
|
Batting: RHB John Alvarez
|
0-0: Ball 1-0: Ball 2-0: Ball 3-0: Base on Balls Greg Zunino to second
|
|
Batting: LHB Willis Gonzalez
|
0-0: Ball 1-0: Ball 2-0: Ball 3-0: Called Strike 3-1: Fly out, F8 (Flyball, 8RXD, EV 88.8 MPH)
|
| Top of the 1st over - 0 runs, 0 hits, 0 errors, 2 left on base; Huron 0 - Sioux Falls 0 |
| BOTTOM OF THE 1ST |
|
Sioux Falls Packers batting - Pitching for Huron Cubs : LHP Oliver Bell
|
|
Pitching: LHP Oliver Bell
|
|
|
Batting: RHB Donald Devlin
|
0-0: Ball 1-0: Ball 2-0: Fly out, F2 (Popup, 2RF, EV 90.0 MPH)
|
|
Batting: LHB Pedro Nunez
|
0-0: Swinging Strike 0-1: Foul Ball, location: 2F 0-2: Ball 1-2: Foul Ball, location: 2F 1-2: Fly out, F7 (Flyball, 7, EV 88.1 MPH)
|
|
Batting: RHB Tracy Cowger
|
0-0: Ball 1-0: Ball 2-0: Ground out 6-3 (Groundball, 56, EV 76.9 MPH)
|
| Bottom of the 1st over - 0 runs, 0 hits, 0 errors, 0 left on base; Huron 0 - Sioux Falls 0 |
| TOP OF THE 2ND |
|
Huron Cubs batting - Pitching for Sioux Falls Packers : RHP Joe Johnson
|
|
Batting: RHB Mike Stellern
|
0-0: Called Strike 0-1: Fly out, F6 (Flyball, 56D, EV 90.0 MPH)
|
|
Batting: LHB Rob Nelson
|
0-0: Foul Ball, location: 2F 0-1: Swinging Strike 0-2: Ball 1-2: Foul Ball, location: 2F 1-2: Foul Ball, location: 2F 1-2: Foul Ball, location: 2F 1-2: Ball 2-2: Foul Ball, location: 2F 2-2: Foul Ball, location: 2F 2-2: Ball 3-2: SINGLE (Flyball, 9S, EV 92.5 MPH)
|
|
Batting: RHB Phillip Wilson
|
0-0: Foul Ball, location: 2F 0-1: Ball 1-1: Ball 2-1: Ball 3-1: Fielders Choice at 2nd, 4-6 (Groundball, 34D, EV 83.1 MPH)
|
|
Batting: SHB Chris Pittaro
|
0-0: Ground out U3 (Groundball, 3, EV 100.6 MPH)
|
| Top of the 2nd over - 0 runs, 1 hit, 0 errors, 1 left on base; Huron 0 - Sioux Falls 0 |
| BOTTOM OF THE 2ND |
|
Sioux Falls Packers batting - Pitching for Huron Cubs : LHP Oliver Bell
|
|
Batting: LHB Michael Wishnevski
|
0-0: Ball 1-0: Ball 2-0: Called Strike 2-1: Foul Ball, location: 2F 2-2: Foul Ball, location: 2F 2-2: SOLO HOME RUN (Flyball, 7D, EV 106.3 MPH), Distance : 363 ft
|
|
Batting: RHB Kenneth Clayton
|
0-0: Fly out, F9 (Flyball, 9, EV 75.0 MPH)
|
|
Batting: RHB Javier Flores
|
0-0: Fly out, F3 (Popup, 3S, EV 78.8 MPH)
|
|
Batting: LHB Richard Wilkinson
|
0-0: Called Strike 0-1: Ball 1-1: Foul Ball, location: 2F 1-2: Ball 2-2: Foul Ball, location: 2F 2-2: Ball 3-2: Strikes out swinging
|
| Bottom of the 2nd over - 1 run, 1 hit, 0 errors, 0 left on base; Huron 0 - Sioux Falls 1 |
| TOP OF THE 3RD |
|
Huron Cubs batting - Pitching for Sioux Falls Packers : RHP Joe Johnson
|
|
Batting: SHB Keith Smith
|
0-0: Foul Ball, location: 2F 0-1: Ball 1-1: SINGLE (Groundball, 4S, EV 65.6 MPH) (infield hit)
|
|
Batting: RHB Greg Zunino
|
0-0: Called Strike 0-1: Ball 1-1: Called Strike 1-2: Ball 2-2: Foul Ball, location: 2F 2-2: SINGLE (Line Drive, 6D, EV 102.5 MPH) Keith Smith to second
|
|
Batting: RHB Mark Carreon
|
0-0: Ball 1-0: Ball 2-0: SINGLE (Groundball, 6MD, EV 111.9 MPH) Keith Smith to third Greg Zunino to second Runner from 3rd tries for Home, SAFE, throw by CF to home
|
|
Batting: RHB John Alvarez
|
0-0: Called Strike 0-1: Ball 1-1: Called Strike 1-2: Ball 2-2: Foul Ball, location: 2F 2-2: Grounds into double play, 6-4-3 (Groundball, 6, EV 101.3 MPH) Greg Zunino to third
|
|
Batting: LHB Willis Gonzalez
|
0-0: Foul Ball, location: 2F 0-1: Foul Ball, location: 2F 0-2: Fly out, F6 (Popup, 6M, EV 75.6 MPH)
|
| Top of the 3rd over - 1 run, 3 hits, 0 errors, 1 left on base; Huron 1 - Sioux Falls 1 |
| BOTTOM OF THE 3RD |
|
Sioux Falls Packers batting - Pitching for Huron Cubs : LHP Oliver Bell
|
|
Batting: SHB Dan Hanggie
|
0-0: Ball 1-0: Bunt missed! 1-1: Ball 2-1: Called Strike 2-2: SOLO HOME RUN (Flyball, 9D, EV 94.4 MPH), Distance : 382 ft
|
|
Batting: RHB Francisco Perez
|
0-0: Called Strike 0-1: Fly out, F9 (Flyball, 9LM, EV 89.4 MPH)
|
|
Batting: RHB Donald Devlin
|
0-0: Called Strike 0-1: Called Strike 0-2: Fly out, F8 (Flyball, 8LD, EV 93.8 MPH)
|
|
Batting: LHB Pedro Nunez
|
0-0: Foul Ball, location: 2F 0-1: Ball 1-1: SINGLE (Groundball, 34D, EV 98.8 MPH)
|
|
Batting: RHB Tracy Cowger
|
0-0: Foul Ball, location: 2F 0-1: Ball 1-1: Fly out, F9 (Flyball, 9LS, EV 80.0 MPH)
|
| Bottom of the 3rd over - 1 run, 2 hits, 0 errors, 1 left on base; Huron 1 - Sioux Falls 2 |
| TOP OF THE 4TH |
|
Huron Cubs batting - Pitching for Sioux Falls Packers : RHP Joe Johnson
|
|
Batting: RHB Mike Stellern
|
0-0: Ball 1-0: Foul Ball, location: 2F 1-1: Ball 2-1: Fly out, F3 (Popup, 3SF, EV 75.6 MPH)
|
|
Batting: LHB Rob Nelson
|
0-0: Called Strike 0-1: Swinging Strike 0-2: Ball 1-2: Strikes out swinging
|
|
Batting: RHB Phillip Wilson
|
0-0: Ball 1-0: Called Strike 1-1: Ground out 6-3 (Groundball, 6MD, EV 100.6 MPH)
|
| Top of the 4th over - 0 runs, 0 hits, 0 errors, 0 left on base; Huron 1 - Sioux Falls 2 |
| BOTTOM OF THE 4TH |
|
Sioux Falls Packers batting - Pitching for Huron Cubs : LHP Oliver Bell
|
|
Batting: LHB Michael Wishnevski
|
0-0: SINGLE (Groundball, 4MD, EV 106.9 MPH)
|
|
Batting: RHB Kenneth Clayton
|
0-0: Ball 1-0: Swinging Strike 1-1: Foul Ball, location: 2F 1-2: Strikes out swinging
|
|
Batting: RHB Javier Flores
|
0-0: Called Strike 0-1: SINGLE (Flyball, 8LS, EV 88.8 MPH) Michael Wishnevski to second Runner from 2nd tries for 3rd, OUT! 8-5
|
|
Batting: LHB Richard Wilkinson
|
0-0: Called Strike 0-1: Fly out, F8 (Flyball, 8LM, EV 89.4 MPH)
|
| Bottom of the 4th over - 0 runs, 2 hits, 0 errors, 1 left on base; Huron 1 - Sioux Falls 2 |
| TOP OF THE 5TH |
|
Huron Cubs batting - Pitching for Sioux Falls Packers : RHP Joe Johnson
|
|
Batting: SHB Chris Pittaro
|
0-0: Foul Ball, location: 2F 0-1: Ball 1-1: Ball 2-1: Ground out 4-3 (Groundball, 4S, EV 70.6 MPH)
|
|
Batting: SHB Keith Smith
|
0-0: Ground out 3-1 (Groundball, 34, EV 91.3 MPH)
|
|
Batting: RHB Greg Zunino
|
0-0: Foul Ball, location: 2F 0-1: Ball 1-1: Ball 2-1: Ball 3-1: Called Strike 3-2: Strikes out swinging
|
| Top of the 5th over - 0 runs, 0 hits, 0 errors, 0 left on base; Huron 1 - Sioux Falls 2 |
| BOTTOM OF THE 5TH |
|
Sioux Falls Packers batting - Pitching for Huron Cubs : LHP Oliver Bell
|
|
Batting: SHB Dan Hanggie
|
0-0: Ball 1-0: Called Strike 1-1: Called Strike 1-2: Ball 2-2: Strikes out looking
|
|
Batting: RHB Francisco Perez
|
0-0: Ball 1-0: Called Strike 1-1: Swinging Strike 1-2: Ball 2-2: Ground out 4-3 (Groundball, 4, EV 81.9 MPH)
|
|
Batting: RHB Donald Devlin
|
0-0: Swinging Strike 0-1: Foul Ball, location: 2F 0-2: Strikes out swinging, 2-3 out at first.
|
| Bottom of the 5th over - 0 runs, 0 hits, 0 errors, 0 left on base; Huron 1 - Sioux Falls 2 |
| TOP OF THE 6TH |
|
Huron Cubs batting - Pitching for Sioux Falls Packers : RHP Joe Johnson
|
|
Batting: RHB Mark Carreon
|
0-0: Called Strike 0-1: Called Strike 0-2: Strikes out swinging
|
|
Batting: RHB John Alvarez
|
0-0: Foul Ball, location: 2F 0-1: Ball 1-1: Ball 2-1: Foul Ball, location: 2F 2-2: Foul Ball, location: 2F 2-2: Fly out, F6 (Popup, 56D, EV 55.0 MPH)
|
|
Batting: LHB Willis Gonzalez
|
0-0: Called Strike 0-1: Ball 1-1: Called Strike 1-2: Foul Ball, location: 2F 1-2: SINGLE (Line Drive, 6MD, EV 106.9 MPH)
|
|
Batting: RHB Mike Stellern
|
0-0: Foul Ball, location: 2F 0-1: Foul Ball, location: 2F 0-2: Ground out 1-3 (Groundball, 34S, EV 65.0 MPH)
|
| Top of the 6th over - 0 runs, 1 hit, 0 errors, 1 left on base; Huron 1 - Sioux Falls 2 |
| BOTTOM OF THE 6TH |
|
Sioux Falls Packers batting - Pitching for Huron Cubs : LHP Oliver Bell
|
|
Batting: LHB Pedro Nunez
|
0-0: Called Strike 0-1: Fly out, F8 (Flyball, 89M, EV 91.9 MPH)
|
|
Batting: RHB Tracy Cowger
|
0-0: Ball 1-0: Foul Ball, location: 2F 1-1: Called Strike 1-2: SINGLE (Line Drive, 8LS, EV 110.6 MPH)
|
|
Batting: LHB Michael Wishnevski
|
0-0: Ball Passed Ball! Tracy Cowger to second 1-0: Foul Ball, location: 2F 1-1: Foul Ball, location: 2F 1-2: Ground out 6-3 (Groundball, 6M, EV 86.3 MPH) Tracy Cowger to third
|
|
Batting: RHB Kenneth Clayton
|
0-0: Ball 1-0: Ball 2-0: SINGLE (Groundball, 6MD, EV 99.4 MPH) Tracy Cowger scores
|
|
Batting: RHB Javier Flores
|
0-0: Ball 1-0: Ball 2-0: Fielders Choice at 2nd, 5-4 (Groundball, 56, EV 85.6 MPH)
|
| Bottom of the 6th over - 1 run, 2 hits, 0 errors, 1 left on base; Huron 1 - Sioux Falls 3 |
| TOP OF THE 7TH |
|
Huron Cubs batting - Pitching for Sioux Falls Packers : RHP Joe Johnson
|
|
Batting: LHB Rob Nelson
|
0-0: Ball 1-0: Ball 2-0: SINGLE (Groundball, 3D, EV 98.8 MPH)
|
|
Batting: RHB Phillip Wilson
|
0-0: Ball 1-0: Called Strike 1-1: Ball 2-1: Bunted foul 2-2: Fly out, F6 (Popup, 6, EV 31.3 MPH)
|
|
Batting: SHB Chris Pittaro
|
0-0: Called Strike 0-1: Called Strike 0-2: SINGLE (Flyball, 8RS, EV 89.4 MPH) Rob Nelson to second
|
|
Pinch Hitting: LHB Thomas Copeland
|
0-0: Ball 1-0: Ball 2-0: Ball 3-0: Base on Balls Rob Nelson to third Chris Pittaro to second
|
|
Batting: RHB Greg Zunino
|
0-0: Ball 1-0: Foul Ball, location: 2F 1-1: Ball 2-1: Ball 3-1: Swinging Strike 3-2: Foul Ball, location: 2F 3-2: Base on Balls Rob Nelson scores Chris Pittaro to third Thomas Copeland to second
|
|
Batting: RHB Mark Carreon
|
0-0: Ball 1-0: Ball 2-0: Ball 3-0: Called Strike 3-1: Grounds into fielders choice 6-2 (Groundball, 6, EV 103.8 MPH) Thomas Copeland to third Greg Zunino to second
|
|
Batting: RHB John Alvarez
|
0-0: Ball 1-0: SINGLE (Groundball, 6MD, EV 93.8 MPH) Thomas Copeland scores Greg Zunino to third Mark Carreon to second Runner from 3rd tries for Home, throw by CF and OUT! 8-2
|
| Top of the 7th over - 2 runs, 3 hits, 0 errors, 2 left on base; Huron 3 - Sioux Falls 3 |
| BOTTOM OF THE 7TH |
|
Sioux Falls Packers batting - Pitching for Huron Cubs : LHP Oliver Bell
|
|
Now at 2B: Sean Toerner
|
|
|
Batting: LHB Richard Wilkinson
|
0-0: Called Strike 0-1: Ball 1-1: Foul Ball, location: 2F 1-2: Ball 2-2: Ball 3-2: Fly out, F1 (Line Drive, P, EV 71.9 MPH)
|
|
Batting: SHB Dan Hanggie
|
0-0: Ball 1-0: Called Strike 1-1: Ball 2-1: Fly out, F7 (Flyball, 78S, EV 95.0 MPH)
|
|
Batting: RHB Francisco Perez
|
0-0: Called Strike 0-1: Ground out 4-3 (Groundball, 34, EV 79.4 MPH)
|
| Bottom of the 7th over - 0 runs, 0 hits, 0 errors, 0 left on base; Huron 3 - Sioux Falls 3 |
| TOP OF THE 8TH |
|
Huron Cubs batting - Pitching for Sioux Falls Packers : RHP Joe Johnson
|
|
Batting: LHB Willis Gonzalez
|
0-0: Ball 1-0: Swinging Strike 1-1: Foul Ball, location: 2F 1-2: Ground out 6-3 (Groundball, P, EV 81.9 MPH)
|
|
Batting: RHB Mike Stellern
|
0-0: Ball 1-0: Called Strike 1-1: Ball 2-1: Ball 3-1: Ground out 4-3 (Groundball, 4M, EV 90.0 MPH)
|
|
Batting: LHB Rob Nelson
|
0-0: Called Strike 0-1: Ball 1-1: Ball 2-1: SOLO HOME RUN (Flyball, 9D, EV 100.6 MPH), Distance : 356 ft
|
|
Batting: RHB Phillip Wilson
|
0-0: Called Strike 0-1: Ball 1-1: Swinging Strike 1-2: Foul Ball, location: 2F 1-2: Fly out, F1 (Line Drive, P, EV 68.1 MPH)
|
| Top of the 8th over - 1 run, 1 hit, 0 errors, 0 left on base; Huron 4 - Sioux Falls 3 |
| BOTTOM OF THE 8TH |
|
Sioux Falls Packers batting - Pitching for Huron Cubs : LHP Oliver Bell
|
|
Batting: RHB Donald Devlin
|
0-0: Called Strike 0-1: Ground out 4-3 (Groundball, 34S, EV 89.4 MPH)
|
|
Batting: LHB Pedro Nunez
|
0-0: Fly out, F5 (Popup, 56S, EV 73.8 MPH)
|
|
Batting: RHB Tracy Cowger
|
0-0: Called Strike 0-1: SINGLE (Groundball, 34D, EV 94.4 MPH)
|
|
Batting: LHB Michael Wishnevski
|
0-0: Ball 1-0: Ball 2-0: Foul Ball, location: 2F 2-1: Swinging Strike 2-2: Ball 3-2: Foul Ball, location: 2F 3-2: Foul Ball, location: 2F 3-2: Base on Balls Tracy Cowger to second
|
|
Batting: RHB Kenneth Clayton
|
0-0: Ball 1-0: Called Strike 1-1: Called Strike 1-2: Fly out, F9 (Flyball, 89D, EV 96.3 MPH)
|
| Bottom of the 8th over - 0 runs, 1 hit, 0 errors, 2 left on base; Huron 4 - Sioux Falls 3 |
| TOP OF THE 9TH |
|
Huron Cubs batting - Pitching for Sioux Falls Packers : RHP Joe Johnson
|
|
Pitching: RHP Robert Allen
|
|
|
Batting: SHB Chris Pittaro
|
0-0: Called Strike 0-1: Foul Ball, location: 2F 0-2: Ball 1-2: Ball 2-2: Foul Ball, location: 2F 2-2: Ball 3-2: Foul Ball, location: 2F 3-2: Reached on error, E4 (Groundball, 4, EV 86.3 MPH)
|
|
Batting: RHB Sean Toerner
|
0-0: Ball 1-0: Called Strike 1-1: Ball 2-1: Ball 3-1: Swinging Strike 3-2: Foul Ball, location: 2F 3-2: Foul Ball, location: 2F 3-2: Base on Balls Chris Pittaro to second
|
|
Batting: RHB Greg Zunino
|
0-0: Ball 1-0: Bunt missed! 1-1: Bunted foul 1-2: Ball 2-2: Foul Ball, location: 2F 2-2: Foul Ball, location: 2F 2-2: Fielders Choice at 2nd, 3-6 (Groundball, 34S, EV 78.8 MPH) Chris Pittaro to third
|
|
Batting: RHB Mark Carreon
|
0-0: SINGLE (Flyball, 6MD, EV 93.1 MPH) Chris Pittaro scores Greg Zunino to second
|
|
Batting: RHB John Alvarez
|
0-0: Ball 1-0: Ball 2-0: Fly out, F4 (Popup, 4MD, EV 57.5 MPH)
|
|
Batting: LHB Willis Gonzalez
|
0-0: Ball 1-0: Ball 2-0: Foul Ball, location: 2F 2-1: SINGLE (Groundball, 6MD, EV 103.1 MPH) Greg Zunino to third Mark Carreon to second Runner from 3rd tries for Home, SAFE, throw by CF to home
|
|
Pitching: RHP Eddie Hook
|
|
|
Batting: RHB Mike Stellern
|
0-0: Ground out 2-3 (Groundball, 2R, EV 67.5 MPH)
|
| Top of the 9th over - 2 runs, 2 hits, 1 error, 2 left on base; Huron 6 - Sioux Falls 3 |
| BOTTOM OF THE 9TH |
|
Sioux Falls Packers batting - Pitching for Huron Cubs : LHP Oliver Bell
|
|
Pitching: LHP Jose Soto
|
|
|
Batting: RHB Javier Flores
|
0-0: Called Strike 0-1: Ball 1-1: Ball 2-1: Ball 3-1: Ground out 5-3 (Groundball, 56S, EV 66.9 MPH)
|
|
Batting: LHB Richard Wilkinson
|
0-0: Ball 1-0: Swinging Strike 1-1: Foul Ball, location: 2F 1-2: Strikes out swinging
|
|
Batting: SHB Dan Hanggie
|
0-0: Ball 1-0: Foul Ball, location: 2F 1-1: Fly out, F5 (Popup, 56S, EV 80.6 MPH)
|
| Bottom of the 9th over - 0 runs, 0 hits, 0 errors, 0 left on base; Huron 6 - Sioux Falls 3 |
|